AoeStats
← 大大只

Fortress

509710971Analyzed
4v4 RM · 6d ago on Sep 27, 2026· 37m 3s· 8 players
Game mode
Random Map
Map size
Huge
Population
200
Speed
Normal
Resources
Standard
Victory
Conquest
Starting age
Dark Age
Ending age
Imperial Age
RankedLock teamsTeams togetherTeam positionsShared explorationLock speedFull tech treeHidden civsTurbo modeCheats
Victory
Defeat
🇩🇪 Romans · Germany
958
+15
🇲🇾 Persians · Malaysia
924
+16
🇨🇳 Poles · China
912
+17
🇮🇹 Italians · Italy
889
+18
🇺🇸 Franks · United States
963
-19
🇸🇪 Celts · Sweden
960
-18
🇨🇦 Khitans · Canada
903
-15
🇫🇮 Franks · Finland
877
-14
大大只
8:21 Feudal Age
12:49 Castle Age
10:58 Double-Bit Axe
12:32 Loom
14:20 Wheelbarrow
14:02 Bow Saw
19:55 Horse Collar
27:27 Imperial Age
25:11 Scale Barding Armor
25:17 Forging
25:35 Town Watch
26:25 Chain Barding Armor
26:52 Husbandry
27:03 Bloodlines
27:40 Heavy Plow
27:32 Stone Mining
27:44 Gold Mining
28:56 Hand Cart
29:15 Kamandaran
29:35 Conscription
28:37 Elite War Elephant
30:05 Stone Shaft Mining
30:09 Gold Shaft Mining
31:44 Plate Barding Armor
31:01 Fletching
31:06 Crossbowman
34:50 Iron Casting
34:10 Bodkin Arrow
34:16 Padded Archer Armor
34:42 Town Patrol
35:27 Coinage
35:43 Thumb Ring
37:00 Ballistics
38:13 Blast Furnace
tobinho_125
8:41 Feudal Age
9:19 Loom
13:09 Castle Age
10:59 Double-Bit Axe
11:07 Horse Collar
12:35 Wheelbarrow
20:56 Gold Mining
21:08 Heavy Plow
21:19 Bow Saw
25:02 Hand Cart
24:33 Town Watch
25:18 Hand Cart
28:02 Imperial Age
27:34 Ballistics
27:10 Pikeman
27:50 Squires
27:53 Scale Mail Armor
27:54 Padded Archer Armor
28:07 Forging
27:48 Fletching
27:48 Man-at-Arms
29:54 Leather Archer Armor
30:24 Comitatenses
30:24 Conscription
30:44 Gold Shaft Mining
29:54 Halberdier
30:58 Long Swordsman
31:02 Heavy Scorpion
32:47 Capped Ram
36:47 Chemistry
35:33 Siege Ram
37:07 Crop Rotation
36:28 Legionary
MABragadin
2:15 Loom
7:37 Feudal Age
8:58 Horse Collar
9:15 Double-Bit Axe
14:10 Castle Age
13:46 Gold Mining
14:48 Town Watch
15:15 Bow Saw
15:09 Heavy Plow
17:26 Wheelbarrow
16:58 Fletching
17:38 Fletching
19:53 Padded Archer Armor
20:38 Ballistics
21:55 Hand Cart
22:41 Thumb Ring
23:35 Leather Archer Armor
23:04 Treadmill Crane
28:25 Imperial Age
26:28 Fortified Wall
26:36 Bodkin Arrow
27:20 Squires
27:32 Masonry
27:29 Town Patrol
28:15 Murder Holes
29:34 Conscription
29:16 Bracer
28:48 Pikeman
30:30 Chemistry
30:03 Crop Rotation
31:23 Ring Archer Armor
30:48 Stone Mining
30:45 Arson
31:15 Forging
32:16 Two-Man Saw
31:48 Architecture
32:20 Scale Mail Armor
34:14 Iron Casting
36:11 Hoardings
38:39 Blast Furnace
妍芸
7:20 Feudal Age
7:47 Double-Bit Axe
7:43 Horse Collar
12:26 Castle Age
11:46 Stone Mining
12:46 Gold Mining
13:34 Wheelbarrow
13:52 Bow Saw
19:34 Hand Cart
20:08 Bloodlines
20:55 Scale Barding Armor
21:01 Forging
21:31 Heavy Plow
22:46 Szlachta Privileges
22:44 Husbandry
25:15 Chain Barding Armor
25:30 Iron Casting
28:02 Stone Shaft Mining
30:29 Imperial Age
30:35 Cavalier
32:35 Blast Furnace
33:13 Conscription
hattivatti266
7:58 Feudal Age
11:34 Castle Age
9:36 Double-Bit Axe
14:13 Bow Saw
15:37 Wheelbarrow
16:39 Gold Mining
18:54 Hand Cart
18:55 Loom
24:53 Imperial Age
22:58 Forging
25:06 Gold Shaft Mining
25:53 Scale Barding Armor
25:15 Cavalier
27:07 Paladin
28:06 Chivalry
28:52 Scale Mail Armor
28:54 Padded Archer Armor
30:52 Light Cavalry
32:35 Iron Casting
32:26 Chain Barding Armor
33:04 Stone Mining
36:30 Blast Furnace
36:06 Plate Barding Armor
36:30 Elite Throwing Axeman
aegilello
8:57 Feudal Age
13:50 Castle Age
12:20 Double-Bit Axe
13:59 Wheelbarrow
13:10 Loom
18:56 Bow Saw
21:27 Gold Mining
21:29 Stone Mining
28:08 Imperial Age
27:06 Pikeman
27:47 Squires
27:34 Arson
28:04 Forging
28:01 Scale Barding Armor
27:57 Scale Mail Armor
28:51 Cavalier
29:33 Husbandry
30:07 Murder Holes
30:32 Halberdier
32:07 Chain Barding Armor
33:48 Hand Cart
33:20 Town Watch
35:27 Chain Mail Armor
35:50 Iron Casting
gädda
3:08 Loom
8:40 Feudal Age
10:48 Double-Bit Axe
11:29 Horse Collar
14:23 Castle Age
16:06 Bow Saw
16:00 Heavy Plow
21:11 Fortified Wall
21:22 Gold Mining
21:24 Stone Mining
dividicus1
7:10 Feudal Age
11:25 Castle Age
9:37 Double-Bit Axe
10:35 Domestication
13:57 Pastoralism
15:30 Husbandry
18:34 Scale Barding Armor
22:21 Chain Barding Armor
22:27 Loom
23:29 Gold Mining
24:04 Forging
25:05 Wheelbarrow
25:34 Iron Casting
25:49 Fortified Wall
28:34 Imperial Age
27:01 Caravan
28:22 Ballistics
30:38 Plate Barding Armor
30:53 Heavy Camel Rider
31:25 Fletching
33:11 Conscription
35:55 Light Cavalry
Connection lost

Rejoining the realm…

Still unreachable

The connection could not be restored.

Session expired

The server has moved on; the page needs a fresh start.